 Dungeon Crawl Stone Soup version 0.30-a0-946-gec5dcfc036 (webtiles) character file.

Game seed: 12756020687088311581

1407 gohu the Cleaver (level 8, -3/73 HPs)
             Began as a Hill Orc Fighter on Mar 26, 2023.
             Was an Initiate of Makhleb.
             Slain by a skeletal warrior
             ... wielding a +0 short sword
              (10 damage)
             ... on level 6 of the Dungeon.
             The game lasted 00:12:39 (5733 turns).

gohu the Cleaver (Hill Orc Fighter)                 Turns: 5733, Time: 00:12:40

Health: -3/73      AC: 12    Str: 21    XL:     8   Next: 70%
Magic:  8/8        EV:  7    Int:  8    God:    Makhleb [......]
Gold:   125        SH:  4    Dex: 10    Spells: 7/7 levels left

rFire   . . .      SeeInvis .    a - +0 war axe
rCold   . . .      Faith    .    c - +0 buckler
rNeg    . . .      Spirit   .    K - +0 chain mail
rPois   .          Reflect  .    f - +0 helmet
rElec   .          Rampage  .    w - scarf {repulsion}
rCorr   .                        (no gloves)
Will    ++...                    k - +0 pair of boots Stlth
                                 (no amulet)
HPRegen 0.32/turn                g - ring of willpower
MPRegen 0.11/turn                l - ring of willpower

@: repel missiles
A: no striking features
a: Renounce Religion


You were on level 6 of the Dungeon.
You worshipped Makhleb.
Makhleb was noncommittal.
You visited 2 branches of the dungeon, and saw 8 of its levels.

You collected 329 gold pieces.
You spent 204 gold pieces at shops.

Inventory:

Hand Weapons
 a - a +0 war axe (weapon)
Missiles
 H - 2 throwing nets (quivered)
Armour
 b - a +0 scale mail
 c - a +0 buckler (worn)
 f - a +0 helmet (worn)
 k - a +0 pair of boots (worn)
 w - a scarf of repulsion (worn)
 K - a +0 chain mail (worn)
Jewellery
 g - a ring of willpower (left hand)
 l - a ring of willpower (right hand)
 q - a ring of fire
 y - a ring of see invisible
 D - an amulet of reflection
 G - a ring of willpower
Wands
 d - a wand of mindburst (33)
Scrolls
 e - a scroll of fog
 h - 2 scrolls of identify
 i - a scroll of torment
 j - 4 scrolls of immolation
 m - 4 scrolls of magic mapping
 n - a scroll of fear {unknown}
 o - 3 scrolls of noise {unknown}
 p - 2 scrolls of teleportation {unknown}
 s - a scroll of enchant armour {unknown}
 t - 3 scrolls of silence {unknown}
 F - 2 scrolls of poison {unknown}
 J - a scroll of enchant weapon {unknown}
Potions
 r - a potion of brilliance {unknown}
 u - a potion of curing {unknown}
 v - a potion of lignification {unknown}
 x - 2 potions of mutation
 A - 3 potions of haste {unknown}
 B - a potion of invisibility {unknown}
 C - 2 potions of might
 E - a potion of resistance {unknown}
 I - a potion of cancellation {unknown}


   Skills:
 * Level 7.2 Fighting
 * Level 10.7 Axes
 + Level 5.6 Armour
 - Level 3.2 Shields
 * Level 0.7 Invocations


You had 7 spell levels left.
You didn't know any spells.
Your spell library contained the following spells:

 Spells                   Type           Power      Damage    Failure   Level
 Magic Dart               Conj           0%         1d3       99%         1
 Call Imp                 Summ           0%         N/A       100%        2
 Scorch                   Fire           0%         2d5       100%        2
 Mephitic Cloud           Conj/Pois/Air  0%         N/A       100%        3
 Flame Wave               Conj/Fire      0%         2d4       100%        4
 Summon Cactus Giant      Summ           0%         N/A       100%        6


Dungeon Overview and Level Annotations

Branches:
Dungeon (7/15)             Temple (1/1) D:5

Altars:
Ashenzari
Cheibriados
Dithmenos
Elyvilon
Fedhas
Hepliaklqana
Kikubaaqudgha
Makhleb
Nemelex Xobeh
Qazlal
Ru
Sif Muna
Trog
Uskayaw
Vehumet
Xom
Yredelemnul
Zin
The Shining One

Shops:
D:1 !*   D:2 =

Annotations:
D:5 3 runed translucent doors, hackum's ghost, novice DgHu


Message History

The skeletal warrior hits you with a +0 hand axe!
The ufetubus barely misses you. The ufetubus hits you.
As you read the scroll labelled VUAHOL VEPE, it crumbles to dust.
You feel aware of your surroundings.
It was a scroll of magic mapping.
The ufetubus hits you but does no damage.
The ufetubus barely misses you.
You block the skeletal warrior's attack.
The skeletal warrior hits you with a +0 short sword.
You block the skeletal warrior's attack.
The ufetubus hits you. x2
As you read the scroll labelled BYCHAS XOAWECVUMY, it crumbles to dust.
It is a scroll of identify.
j - 4 scrolls of immolation The skeletal warrior hits you with a +0 broad axe!
The skeletal warrior hits you with a +0 hand axe!
* * * LOW HITPOINT WARNING * * *
You block the skeletal warrior's attack.
The ufetubus hits you but does no damage. x2
Okay, then.
You feel much better. The ufetubus closely misses you.
The ufetubus barely misses you.
The skeletal warrior hits you with a +0 short sword.
The skeletal warrior hits you with a +0 broad axe!
* * * LOW HITPOINT WARNING * * *
The skeletal warrior barely misses you.
The ufetubus hits you but does no damage. x2
As you read the scroll labelled XETWATE AGGEP, it crumbles to dust.
The scroll dissolves into smoke.
It was a scroll of fog.
The skeletal warrior hits you with a +0 broad axe!
* * * LOW HITPOINT WARNING * * *
The skeletal warrior completely misses you.
The skeletal warrior barely misses you. The ufetubus barely misses you.
The ufetubus hits you but does no damage.
As you read the scroll labelled GUDYKIC MIAKKY, it crumbles to dust.
Your body is wracked with pain!
* * * LOW HITPOINT WARNING * * *
It was a scroll of torment.
You block the ufetubus's attack. The ufetubus barely misses you.
The skeletal warrior hits you with a +0 short sword!
You die...

*,,,,,,,,,*,****
*,***,,,,,..#****** # *,*
*,****#..,,,,,*## **,***,*
##.########. ******,,,**,*
#........#..
*,,,,,,,,**,####..#####.)..
*,****,,,**,,.....# #....
*,* *##########..### #....
*,* #.§z@z§.......###..##
*,** #.##5z§...........##
*,,* *,*#§#####........#**
**,* *,*#.# #.#...##.#*,
*,* *,*#.#***#.#...##.#**
*,* *,*#.#*,,..........,,
*,* *,*#..,,...#...##.##*
*,* *,*#.#*###.#...##.#*,
*,* *,##.* #,.......#,*


You could see 3 skeletal warriors and an ufetubus.

Vanquished Creatures
  Sigmund (D:4)
  2 water moccasins (D:5)
  An orc warrior (D:6)
  A black bear (D:5)
  An ogre (D:5)
  A centaur (D:6)
  A lemure (D:6)
  A phantom (D:5)
  A bullfrog (D:6)
  2 hounds (D:4)
  A jelly (D:7)
  An orc priest (D:6)
  Ijyb (D:3)
  5 orc wizards
  18 adders
  4 gnolls
  A white imp (D:6)
  A worm (D:2)
  3 dart slugs
  15 orcs
  6 endoplasms
  2 giant cockroaches
  4 hobgoblins
  3 kobolds
  5 ball pythons
  6 bats
  7 goblins
  3 rats
98 creatures vanquished.

Notes
Turn   | Place    | Note
-------+----------+-------------------------------------------
     0 | D:1      | gohu the Hill Orc Fighter began the quest for the Orb.
     0 | D:1      | Reached XP level 1. HP: 19/19 MP: 1/1
    18 | D:1      | Found Tukhuonu's Assorted Antiques.
   219 | D:1      | Reached skill level 3 in Axes
   219 | D:1      | Reached XP level 2. HP: 27/27 MP: 2/2
   273 | D:1      | Found Xudiomix's Distillery.
   342 | D:1      | Reached XP level 3. HP: 34/34 MP: 3/3
   466 | D:2      | Found Ponnimog's Jewellery Shoppe.
  1147 | D:2      | Reached skill level 4 in Axes
  1147 | D:2      | Reached XP level 4. HP: 41/41 MP: 4/4
  1293 | D:2      | Reached skill level 5 in Axes
  1557 | D:3      | Reached XP level 5. HP: 47/47 MP: 5/5
  1614 | D:4      | Found a sparkling altar of Nemelex Xobeh.
  1672 | D:3      | Found a hide-covered altar of Uskayaw.
  1875 | D:3      | Noticed Ijyb
  1887 | D:3      | Killed Ijyb
  1888 | D:3      | Reached skill level 5 in Fighting
  2261 | D:3      | Reached skill level 6 in Axes
  2264 | D:3      | Reached XP level 6. HP: 46/56 MP: 6/6
  2465 | D:4      | Found a blossoming altar of Fedhas.
  2574 | D:5      | Entered Level 5 of the Dungeon
  2711 | D:5      | Found a staircase to the Ecumenical Temple.
  2717 | Temple   | Entered the Ecumenical Temple
  2828 | D:5      | Found a runed translucent gate.
  2831 | D:5      | Reached skill level 7 in Axes
  2831 | D:5      | Found a runed translucent gate.
  2831 | D:5      | Noticed hackum's ghost (novice DgHu)
  2832 | D:5      | Found a runed translucent gate.
  2924 | D:1      | Bought a potion of mutation for 96 gold pieces
  2924 | D:1      | Bought a potion of heal wounds for 60 gold pieces
  2924 | D:1      | Bought a potion of might for 48 gold pieces
  3062 | D:4      | Identified the +3 plate armour "Geggor" {*Slow Regen+ SInv}
  3085 | D:4      | Found a hazy altar of Hepliaklqana.
  3272 | D:4      | Noticed Sigmund
  3280 | D:4      | Killed Sigmund
  3281 | D:4      | Reached skill level 8 in Axes
  3281 | D:4      | Reached XP level 7. HP: 37/62 MP: 7/7
  3810 | D:5      | Identified the +7 sling of Compassion {freeze, Will++ rCorr
                  | Int-4}
  3991 | D:5      | Reached skill level 9 in Axes
  4289 | D:5      | Reached XP level 8. HP: 46/71 MP: 8/8
  4567 | D:6      | Reached skill level 5 in Armour
  4801 | D:6      | Found a shimmering blue altar of Sif Muna.
  4801 | D:6      | Found a shadowy altar of Dithmenos.
  4801 | D:6      | Found a bloodstained altar of Trog.
  4801 | D:6      | Found a burning altar of Makhleb.
  4807 | D:6      | Found a sacrificial altar of Ru.
  4811 | D:6      | Found a shimmering altar of Xom.
  4823 | D:6      | Became a worshipper of Makhleb the Destroyer
  4969 | D:6      | Reached skill level 10 in Axes
  5187 | D:6      | Found a glowing golden altar of the Shining One.
  5723 | D:7      | Noticed a skeletal warrior
  5723 | D:7      | Noticed a skeletal warrior
  5723 | D:7      | Noticed a skeletal warrior
  5723 | D:7      | Noticed a skeletal warrior
  5733 | D:6      | Slain by a skeletal warrior

Illustrated notes

Levels and vault maps discovered:
D:1:      grunt_arrival_lava_bath, layout_basic, serial_shops, shop,
          nicolae_square_shop
D:2:      layout_loops_cross, serial_shops, nicolae_shop_stone, minmay_circle_x
D:3:      layout_loops_cross, mainiacjoe_overflow_tiny_flanked, uniq_ijyb
D:4:      layout_loops_corners, mainiacjoe_overflow_boulevard,
          mainiacjoe_overflow_catwalk_spiral, minmay_misc_feat_chi,
          kennysheep_generic_room_2, uniq_sigmund
D:5:      layout_rooms, minmay_temple_entry_wispy,
          gammafunk_ghost_nasty_kobolds, chequers_serial_rivers_micro_c,
          dk_vineyard_1, hangedman_decor_points
D:6:      layout_loops_ring, nicolae_tso_carved_into_rock,
          minmay_overflow_temple_hex, uniq_blork_the_orc, uniq_menkaure,
          uniq_pikel
D:7:      layout_basic, nzn_wu_jian_council_hall, grunt_ministairs_14,
          kb_lookout_dungeons_type, chequers_garden
Temple:   nicolae_temple_two_arcs

Skill      XL: |  1  2  3  4  5  6  7  8 |
---------------+-------------------------+-----
Fighting       | 4 5 6 7 |  7.2
Axes           | 3 4 5 6 8 9 10 | 10.7
Armour         | 4 5 |  5.6
Shields        | |  3.2
Invocations    | |  0.7

Action                     |  1- 3 |  4- 6 |  7- 9 || total
---------------------------+-------+-------+-------++-------
  Melee: War axe           |    83 |   141 |   145 ||   369
    Use: Potion            |       |     2 |     2 ||     4
         Scroll            |       |       |     4 ||     4
 Armour: Scale mail        |    51 |    93 |    40 ||   184
         Chain mail        |       |       |    40 ||    40
  Dodge: Dodged            |    49 |    81 |    64 ||   194
         Repelled          |       |       |     1 ||     1
  Block: Buckler           |    18 |    31 |    20 ||    69

Table legend: (Time is in decaauts)
 A = Elapsed time spent in this place.
 B = Non-inter-level travel time spent in this place.
 C = Inter-level travel time spent in this place.
 D = Time resting spent in this place.
 E = Time spent auto-exploring this place.
 F = Levels seen in this place.
 G = Mean time per level.
                   A        B        C        D        E       F      G
               +--------+--------+--------+--------+--------+-----+--------+
         Total |   5819 |   5627 |    192 |      0 |   4363 |   8 |  727.4 |
       Dungeon |   5718 |   5526 |    192 |      0 |   4363 |   7 |  816.9 |
        Temple |    100 |    100 |      0 |      0 |      0 |   1 |  100.0 |
               +--------+--------+--------+--------+--------+-----+--------+

Top non-repeatable levels by time:
     D:5: 1062 daAuts
     D:4: 1060 daAuts
     D:6: 1058 daAuts
     D:3: 944 daAuts
     D:2: 837 daAuts
     D:1: 748 daAuts
  Temple: 100 daAuts
     D:7: 5 daAuts
